cohdb
Replays
Latest Replays
All Replays
Popular Replays
Top Player Replays
Match Explorer
How It Works
Community
CoH3 Stats
Reddit
Sign in to upload your games and track your stats! →
Sign in with Steam
Match 31319340
Unlisted
Match 31319340
Overview
Messages
Build Orders
End
Construct Infanterie Kompanie
Selects Luftwaffe Battlegroup
Selects Luftwaffe Pioneer Support
Fallschirmpioneer Squad Paradrop
MG 42 Machine Gun Team
Fallschirmpioneer Squad Paradrop
GrW 34 Mortar Team
Selects LG40 Recoilless Gun Paradrop
Construct Luftwaffe Kompanie
Construct Panzergrenadier Kompanie
LG40 Recoilless Gun Paradrop
Selects Reconnaissance Run
251 Medium Carrier
Fallschirmpioneer Squad Paradrop
Support Elements
StuG III G Assault Gun
Forward Retreat Point
Wirbelwind Flakpanzer
AI Takeover
Proust
ACRxPT
JC1989
PUPEE
Sam
gUi
bertyinsaint
flavoureflave
0
0
Comments
sign in to comment!
No comments posted yet!